 Dungeon Crawl Stone Soup version 0.26-a0-61-g6c07f0ee8d (webtiles) character file.

Game seed: 1155713813693241700

108 MisterFreud the Slasher (level 4, -1/49 HPs)
             Began as an Octopode Gladiator on June 9, 2020.
             Succumbed to a goblin's poison
             ... on level 2 of the Dungeon.
             The game lasted 00:03:42 (1378 turns).

MisterFreud the Slasher (Octopode Gladiator)        Turns: 1378, Time: 00:03:43

Health: -1/49      AC:  1    Str: 13    XL:     4   Next: 87%
Magic:  4/4        EV: 14    Int: 11    God:
Gold:   82         SH:  0    Dex: 13    Spells: 3/3 levels left

rFire    . . .     SeeInvis .   a - +0 long sword
rCold    . . .     Gourm    .   (no shield)
rNeg     . . .     Faith    .   b - +0 hat
rPois    .         Spirit   .   (no amulet)
rElec    .         Reflect  .   (no ring)
rCorr    .         Harm     .   (no ring)
MR       .....                  (no ring)
Stlth    ..........             (no ring)
HPRegen  0.16/turn              (no ring)
MPRegen  0.09/turn              (no ring)
                                (no ring)
                                (no ring)

@: brilliant, berserking (expiring), lethally poisoned (-1 -> -24), very quick
A: almost no armour, stealthy swim, amphibious, 8 rings, constrict 8, camouflage
1, gelatinous body 1
a: no special abilities


You were on level 2 of the Dungeon.
You were not hungry.

You visited 1 branch of the dungeon, and saw 2 of its levels.

You collected 82 gold pieces.

Inventory:

Hand Weapons
 a - a +0 long sword (weapon)
Missiles
 c - 3 throwing nets (quivered)
Armour
 b - a +0 hat (worn)
Scrolls
 f - 6 scrolls of identify {unknown}
 g - a scroll of remove curse {unknown}
 i - a scroll of fear {unknown}
 j - a scroll of teleportation {unknown}
Potions
 e - a potion of brilliance
Comestibles
 d - 3 rations


   Skills:
 - Level 4.0 Fighting
 + Level 4.1 Long Blades
 - Level 2.0 Throwing
 - Level 3.0 Dodging


You had 3 spell levels left.
You didn't know any spells.
Your spell library was empty.

Dungeon Overview and Level Annotations

Branches:
Dungeon (2/15)

Altars:


Innate Abilities, Weirdness & Mutations

You cannot wear most types of armour.
You are very stealthy in the water. (Stealth+)
You are amphibious.
You can wear up to eight rings at the same time.
You can use your tentacles to constrict eight enemies at once.
Your skin changes colour to match your surroundings (Stealth+).
Your rubbery body absorbs attacks. (AC +1, EV +1)


Message History

You are more poisoned.
It was a potion of brilliance.
You feel clever all of a sudden.
You constrict the adder.
You kill the adder!
* * * LOW HITPOINT WARNING * * *
You feel sick.
The goblin throws a poisoned dart.
The poisoned dart hits you!
You are more poisoned.
It was a potion of berserk rage.
A red film seems to cover your vision as you go berserk!
You feel yourself moving faster!
You feel mighty!
* * * LOW HITPOINT WARNING * * *
You feel sick.
You feel a strong urge to attack something.
* * * LOW HITPOINT WARNING * * *
You feel sick.
The goblin throws a poisoned dart.
The poisoned dart misses you.
* * * LOW HITPOINT WARNING * * *
You feel sick.
You feel your anger nearly subside.
You die...

#.. . (. ...... ......# #.
#.#.#.. ...).. ###.## #.#.#.#
...... .. ....# #g#.#.##....
.. ###..####..$.......######.
#.#.........>......###....##
#..........@..#.#.##....)...
#....(...##†..#..######.
..#.##<#.....##..##.##....##
#........#...(†..#..#...)).#
###.##.#.....##..#..#..##..#
# #.#..#..###.#.÷#..##...
#### #.#..#..# #.#..#.....).
.....##.#..#..###.##.##....#.
...................#..######.


You could see a goblin.

Vanquished Creatures
  Natasha (D:2)
  5 adders (D:2)
  A worm (D:2)
  3 leopard geckos
  A giant cockroach (D:1)
  5 goblins
  3 hobgoblins
  5 bats
  7 kobolds
  4 rats
35 creatures vanquished.

Notes
Turn   | Place    | Note
-------+----------+-------------------------------------------
     0 | D:1      | MisterFreud the Octopode Gladiator began the quest for the
                  | Orb.
     0 | D:1      | Reached XP level 1. HP: 14/14 MP: 1/1
   187 | D:1      | Reached XP level 2. HP: 20/20 MP: 2/2
   855 | D:2      | Noticed Natasha
   862 | D:2      | Noticed a crimson imp
  1007 | D:2      | Reached XP level 3. HP: 26/26 MP: 3/3
  1297 | D:2      | Reached XP level 4. HP: 29/33 MP: 4/4
  1356 | D:2      | Killed Natasha
  1376 | D:2      | HP: 2/49 [poisoned by a goblin]
  1378 | D:2      | Succumbed to a goblin's poison

Illustrated notes

Levels and vault maps discovered:
D:1:      kilobyte_arrival_exit_the_forest, layout_loops_cross
D:2:      layout_loops_ring, cheibriados_altar_1, first_ration,
          minmay_randomly_rotated_circles, uniq_natasha, uniq_crazy_yiuf_cottage

Skill      XL: |  1  2  3  4 |
---------------+-------------+-----
Fighting       | 3 4 |  4.0
Long Blades    | 4 |  4.1
Throwing       | |  2.0
Dodging        | |  3.0

Action                   |  1- 3 |  4- 6 || total
-------------------------+-------+-------++-------
Melee: Long sword        |    42 |    16 ||    58
       Tentacles         |    11 |     3 ||    14
       Constrict         |    10 |     3 ||    13
  Use: Potion            |     1 |     2 ||     3
 Stab: Sleeping          |     7 |       ||     7
       Distracted        |     1 |       ||     1
  Eat: Chunk             |     1 |       ||     1
Armor: Skin              |     5 |       ||     5
Dodge: Dodged            |    35 |    22 ||    57
       Rpst.: Long sword |    13 |     3 ||    16

Table legend:
 A = Non-vault XP
 B = Vault XP
 C = Vault XP percentage of total XP
 D = Non-vault monster count
 E = Vault monster count
 F = Vault count percentage of total count
                 A         B        C        D         E       F
            +---------+---------+-------+---------+---------+-------
      Total |      98 |      57 |  36.8 |      28 |       7 |  20.0
            +---------+---------+-------+---------+---------+-------
        D:1 |      26 |       0 |   0.0 |      16 |       0 |   0.0
        D:2 |      72 |      57 |  44.2 |      12 |       7 |  36.8
            +---------+---------+-------+---------+---------+-------
